 Dungeon Crawl Stone Soup version 0.19.5 (webtiles) character file.

1076 Yousuki the Skirmisher (level 8, -5/71 HPs)
             Began as a Minotaur Berserker on May 18, 2017.
             Was a Priest of Trog.
             Slain by Prince Ribbit (9 damage)
             ... on level 5 of the Dungeon.
             The game lasted 00:27:25 (3233 turns).

Yousuki the Skirmisher (Minotaur Berserker)         Turns: 3233, Time: 00:27:25

Health: -5/71      AC: 13    Str: 23    XL:     8   Next: 8%
Magic:  7/7        EV: 13    Int:  9    God:    Trog [***...]
Gold:   325        SH:  4    Dex: 16    Spells: 0 memorised, 7 levels left

rFire  + . .     SeeInvis .     S - +0 dagger (freeze)
rCold  x . .     Gourm    .     x - +0 plate armour
rNeg   . . .     Faith    .     H - +0 buckler
rPois  +         Spirit   .     (helmet restricted)
rElec  .         Reflect  .     (no cloak)
rCorr  .         Harm     .     K - +0 pair of gloves
MR     .....                    (no boots)
Stlth  ..........               L - amulet of regeneration
                                B - ring of poison resistance
                                v - ring of fire

@: brilliant, agile
A: retaliatory headbutt, horns 2
a: Berserk, Trog's Hand, Burn Spellbooks, Renounce Religion


You were on level 5 of the Dungeon.
You worshipped Trog.
Trog was most pleased with you.
You were not hungry.

You visited 1 branch of the dungeon, and saw 5 of its levels.

You collected 325 gold pieces.

Inventory:

Hand Weapons
 a - a +0 spear
 m - a +0 dagger
 p - a +0 dagger
 q - a +0 dagger
 s - a +0 whip
 t - a +0 club
 w - a +0 short sword of venom
 y - a cursed -1 mace
 E - a +0 morningstar
 N - a +0 giant club
 S - a +0 dagger of freezing (weapon)
 V - a +0 scythe
Missiles
 g - 2 tomahawks (quivered)
 R - 8 silver javelins
Armour
 b - a +0 animal skin
 j - a +0 leather armour
 x - a +0 plate armour (worn)
 C - a +0 scale mail of fire resistance
 F - a +0 ring mail
 H - a +0 buckler (worn)
 K - a +0 pair of gloves (worn)
 O - a +0 buckler
Jewellery
 v - a ring of fire (left hand)
 B - a ring of poison resistance (right hand)
 L - an amulet of regeneration (around neck)
 P - an uncursed ring of flight {unknown}
 Q - an uncursed ring of resist corrosion {unknown}
Wands
 Z - a wand of digging (17/24)
Scrolls
 d - 3 scrolls of teleportation {unknown}
 f - 4 scrolls of recharging {unknown}
 i - 5 scrolls of remove curse {unknown}
 l - 11 scrolls of identify {unknown}
 A - a scroll of amnesia {unknown}
 I - 2 scrolls of enchant armour {unknown}
 J - a scroll of blinking {unknown}
Potions
 e - 2 potions of resistance {unknown}
 h - 2 potions of curing {unknown}
 k - 3 potions of magic {unknown}
 n - a potion of lignification {unknown}
 u - a potion of cancellation {unknown}
 z - a potion of might {unknown}
 U - a potion of ambrosia {unknown}
 W - a potion of flight {unknown}
 X - a potion of heal wounds {unknown}
Books
 Y - a book of Enchantments

   Spells                             Type                      Level
   a - Cause Fear                     Hexes                        4
   b - Yara's Violent Unravelling     Hexes/Transmutation          5
   c - Silence                        Hexes/Air                    5
   d - Deflect Missiles               Charms/Air                   6
   e - Discord                        Hexes                        8
   Trog disapproves of the use of such an item.
Comestibles
 c - 4 bread rations
 r - 3 meat rations
 G - a slice of pizza
 M - 2 fruits
 T - a royal jelly


   Skills:
 + Level 6.6 Fighting
 + Level 5.8 Short Blades
 + Level 5.3 Polearms
 + Level 5.6 Armour
 + Level 3.3 Dodging
 + Level 0.1 Stealth
 + Level 1.3 Shields


You had 7 spell levels left.
You didn't know any spells.

Dungeon Overview and Level Annotations

Branches:
Dungeon (5/15)
 Temple: D:4-7

Altars:

Shops:
D:4 (

Annotations:
D:5 Prince Ribbit


Innate Abilities, Weirdness & Mutations

You reflexively headbutt those who attack you in melee.
You have a pair of horns on your head.


Message History

The worker ant moves out of view.
The ogre hits you with a giant club!! You block Prince Ribbit's attack.
You hit the ogre but do no damage.
The ogre is severely wounded.
The dart slug bites you. Prince Ribbit hits you!
* * * LOW HITPOINT WARNING * * *
You are too injured to fight recklessly!
You are too injured to fight recklessly!
You are too injured to fight recklessly!
You are too injured to fight recklessly!
You are too injured to fight recklessly!
It was a potion of brilliance.
You feel clever all of a sudden. Prince Ribbit barely misses you.
The ogre hits you with a giant club!
* * * LOW HITPOINT WARNING * * *
The dart slug bites you but does no damage.
It was a potion of agility.
You feel agile all of a sudden. Prince Ribbit hits you!
You die...

........#......##.##..#######.#..
...............##...........#.#..
######..................#####.#..
..####.........######...# #.##+
......########## #...#####.##.
..###.# ######### #.#.....#.##.
..# #.# ........# #.#.....'.##.
..# #.# ......O.####.#.....####.
..# #.# ......w@...........# #.
..# #.# .....aF............# #.
..# #.# #.?..##.......#....# #.
### #.# #... #.......#....# #.
#.. #.......#.#######. #.
#.......#.†....... #
#.......'.........
#.......#.........
.......#.........


You could see Prince Ribbit, an ogre, a worker ant and a dart slug.

Vanquished Creatures
  Sigmund (D:5)
  Eustachio (D:5)
  The ghost of miragecloak the Ruffian, an amateur DrTm (D:4)
  A sky beast (D:5)
  A centaur (D:5)
  An ogre (D:4)
  A crimson imp (D:5)
  A bullfrog zombie (D:5)
  3 hounds
  A jelly (D:5)
  An orc priest (D:3)
  An iguana (D:5)
  5 adders
  An ooze (D:3)
  An adder skeleton (D:4)
  2 worms (D:3)
  The ghost of dscm the Digger, a weakling OpEE (D:3)
  6 leopard geckos
  17 orcs
  A ball python (D:2)
  7 bats
  8 giant cockroaches
  5 goblins
  6 hobgoblins
  6 jackals
  3 frilled lizards
  6 kobolds
  8 rats
  A plant (D:1)
98 creatures vanquished.

Vanquished Creatures (others)
  An orc (D:3)
  A hobgoblin (D:2)
2 creatures vanquished.

Grand Total: 100 creatures vanquished

Notes
Turn   | Place    | Note
-------+----------+-------------------------------------------
     0 | D:1      | Yousuki the Minotaur Berserker began the quest for the Orb.
     0 | D:1      | Reached XP level 1. HP: 19/19 MP: 0/0
   327 | D:1      | Reached XP level 2. HP: 27/27 MP: 1/1
   335 | D:1      | Reached skill level 4 in Fighting
  1143 | D:2      | Reached XP level 3. HP: 34/34 MP: 2/2
  1483 | D:2      | Reached ** piety under Trog
  1520 | D:3      | Noticed dscm's ghost (weakling OpEE)
  1534 | D:3      | Killed dscm's ghost
  1716 | D:3      | Reached XP level 4. HP: 40/41 MP: 3/3
  1758 | D:3      | Reached skill level 5 in Polearms
  1881 | D:3      | Reached skill level 5 in Fighting
  1883 | D:3      | Reached XP level 5. HP: 43/48 MP: 4/4
  1982 | D:3      | Reached skill level 1 in Short Blades
  2358 | D:4      | Noticed an ogre
  2363 | D:4      | Killed an ogre
  2363 | D:4      | Reached *** piety under Trog
  2363 | D:4      | Reached XP level 6. HP: 39/56 MP: 5/5
  2425 | D:4      | Found Avairere's Antique Weapon Shop.
  2640 | D:4      | Noticed miragecloak's ghost (amateur DrTm)
  2673 | D:4      | Killed miragecloak's ghost
  2803 | D:5      | Entered Level 5 of the Dungeon
  2804 | D:5      | Noticed Sigmund
  2817 | D:5      | Killed Sigmund
  2817 | D:5      | Reached skill level 6 in Fighting
  2817 | D:5      | Reached XP level 7. HP: 52/63 MP: 6/6
  2858 | D:5      | Reached skill level 5 in Armour
  2858 | D:5      | Reached skill level 1 in Shields
  2911 | D:5      | Reached skill level 5 in Short Blades
  3089 | D:5      | Noticed Eustachio
  3164 | D:5      | Killed Eustachio
  3164 | D:5      | Reached XP level 8. HP: 67/71 MP: 7/7
  3221 | D:5      | Noticed Prince Ribbit
  3232 | D:5      | HP: 3/71 [ogre/giant club (9)]
  3233 | D:5      | Slain by Prince Ribbit

Skill      XL: |  1  2  3  4  5  6  7 |
---------------+----------------------+-----
Polearms       | 4 5 |  5.3
Fighting       | 4 5 6 |  6.6
Armour         | 3 4 5 |  5.6
Short Blades   | 2 4 5 |  5.8
Shields        | 1 |  1.3
Dodging        | 3 |  3.3
Stealth        | |  0.1

Action                   |  1- 3 |  4- 6 |  7- 9 || total
-------------------------+-------+-------+-------++-------
Melee: Spear             |    97 |       |       ||    97
       Headbutt          |    28 |    25 |    18 ||    71
       Short sword       |    34 |   150 |       ||   184
       Dagger            |       |       |    95 ||    95
  Use: Potion            |       |       |     2 ||     2
  Eat: Bread ration      |     1 |     1 |       ||     2
Armor: Animal skin       |     2 |       |       ||     2
       Leather armour    |     7 |       |       ||     7
       Plate armour      |    23 |   108 |    44 ||   175
Dodge: Dodged            |    40 |    40 |    32 ||   112
Block: Buckler           |       |     6 |    13 ||    19
